AoeStats
← tx4300542000

Arena

510317300Analyzed
1v1 RM · 16h ago on Sep 30, 2026· 32m 31s· 2 players
Game mode
Random Map
Map size
Tiny (2 player)
Population
200
Speed
Normal
Resources
Standard
Victory
Conquest
Starting age
Dark Age
Ending age
Imperial Age
RankedLock teamsTeams togetherTeam positionsShared explorationLock speedFull tech treeHidden civsTurbo modeCheats
Victory
Defeat
🇹🇼 Turks · Taiwan
850
+16
🇬🇧 Vietnamese · United Kingdom
845
-16
悟 GOKU 悟
0:29 Loom
13:57 Feudal Age
15:50 Wheelbarrow
15:03 Double-Bit Axe
15:33 Stone Mining
16:16 Gold Mining
17:11 Fletching
17:04 Horse Collar
20:20 Castle Age
18:26 Padded Archer Armor
21:25 Hand Cart
21:23 Bow Saw
23:21 Bodkin Arrow
23:18 Town Watch
24:28 Elite Skirmisher
31:26 Scale Barding Armor
32:15 Bloodlines
tx4300542000
11:11 Feudal Age
12:21 Loom
15:13 Castle Age
13:31 Loom
13:34 Double-Bit Axe
14:55 Gold Mining
15:51 Horse Collar
18:32 Bow Saw
21:15 Padded Archer Armor
24:28 Wheelbarrow
32:24 Imperial Age
Connection lost

Rejoining the realm…

Still unreachable

The connection could not be restored.

Session expired

The server has moved on; the page needs a fresh start.